Dallas Stars vs Arizona Coyotes

Created - dimanche 10 février 2019 at 04:41

Goals
1 2 3 T
Dallas Stars 1 3 1 5
Arizona Coyotes 0 2 1 3
Shots
1 2 3 T
Dallas Stars 5 16 6 27
Arizona Coyotes 5 12 10 27

1st period

1. Dallas Stars , James Neal 10 (Mark Scheifele 31, Devin Shore 6) at 3:56

Penalties :
No Penalty

2nd period

2. Dallas Stars , Loui Eriksson 11 (Mark Scheifele 32) at 12:42
3. Arizona Coyotes , Max Domi 13 (Christian Fischer 12) at 12:50
4. Arizona Coyotes , Leon Draisaitl 24 (Alex Goligoski 13, Jakob Chychrun 10) at 14:19
5. Dallas Stars , Loui Eriksson 12 (Kyle Connor 14, Riley Sheahan 13) at 18:31
6. Dallas Stars , Mark Scheifele 19 (Viktor Arvidsson 22) at 19:57 (PP)

Penalties :
Thomas Hickey (ARI) for Slashing (Minor) at 8:43, Dylan Strome (ARI) for Tripping (Minor) at 11:32, Viktor Arvidsson (DAL) for Slashing (Minor) at 11:54, Max Domi (ARI) for Tripping (Minor) at 19:41

3rd period

7. Arizona Coyotes , Max Domi 14 (Jamie McGinn 11) at 3:41 (PP)
8. Dallas Stars , Mark Scheifele 20 (Oscar Klefbom 20) at 4:30

Penalties :
Matthew Tkachuk (DAL) for Holding (Minor) at 3:38, Tomas Hertl (ARI) for Elbowing (Minor) at 14:12

Goalie Stats

Jake Allen (DAL), 24 saves from 27 shots - (0.889), W, 23-16-7, 60:00 minutes
Devan Dubnyk (ARI), 3 saves from 3 shots - (1.000), 15:30 minutes
Louis Domingue (ARI), 19 saves from 24 shots - (0.792), L, 7-7-3, 44:30 minutes

Players Stats for Dallas Stars

Player Name              G  A  P  +/- PIM S  H  SB GA TA FO     MP     PP MP  PK MP  
------------------------------------------------------------------------------------
Carl Soderberg           0  0  0   0  0   2  1  0  4  0  4/10   15:04   0:59   0:00 
Colton Parayko           0  0  0  -1  0   0  1  0  0  0  0/0    17:16   0:18   0:03 
Devin Shore              0  1  1   2  0   1  1  0  0  1  2/2    16:58   0:55   0:00 
James Neal               1  0  1   2  0   4  0  0  2  0  0/0    17:37   1:11   0:00 
John Klingberg           0  0  0   2  0   1  1  1  0  0  0/0    23:48   2:24   0:22 
Kyle Connor              0  1  1   1  0   4  3  0  0  0  0/0    15:56   2:35   0:00 
Loui Eriksson            2  0  2   1  0   3  1  0  2  0  1/1    15:28   0:20   0:11 
Mark Scheifele           2  2  4   2  0   4  3  0  0  1  15/26  20:17   2:50   0:11 
Matthew Tkachuk          0  0  0   0  2   0  2  0  0  0  0/0    10:26   1:34   0:00 
Nino Niederreiter        0  0  0   0  0   2  7  2  2  0  0/0    15:16   0:52   0:00 
Oscar Klefbom            0  1  1  -1  0   1  1  4  0  1  0/0    20:15   0:18   0:00 
Pierre-Edouard Bellemare 0  0  0  -1  0   0  2  1  0  1  1/5    10:27   0:37   0:14 
Riley Sheahan            0  1  1   1  0   2  3  0  0  2  6/11   13:59   0:00   0:00 
Ryan Ellis               0  0  0   2  0   0  0  1  0  0  0/0    19:34   2:24   0:03 
Stephen Johns            0  0  0   1  0   2  2  0  0  0  0/0    18:56   1:54   0:00 
Tom Wilson               0  0  0  -1  0   1  6  0  0  0  0/0    10:28   0:12   0:14 
Trevor Daley             0  0  0   1  0   0  1  1  1  0  0/0    20:11   1:54   0:22 
Viktor Arvidsson         0  1  1  -1  2   0  2  0  0  0  1/1    16:00   1:42   0:00 

Players Stats for Arizona Coyotes

Player Name              G  A  P  +/- PIM S  H  SB GA TA FO     MP     PP MP  PK MP  
------------------------------------------------------------------------------------
Adam Clendening          0  0  0  -1  0   1  2  2  0  2  0/0    16:08   0:00   1:33 
Alex Goligoski           0  1  1   0  0   2  1  1  1  1  0/0    25:54   0:24   1:55 
Anthony Duclair          0  0  0   0  0   4  2  1  0  2  0/0    16:07   0:03   0:15 
Brad Richardson          0  0  0  -1  0   1  1  0  0  0  0/3    12:58   0:00   0:53 
Christian Fischer        0  1  1   0  0   0  1  2  0  1  2/3    16:58   0:00   0:00 
Dylan Strome             0  0  0   0  2   0  1  1  1  0  1/4    10:40   0:22   0:00 
Jakob Chychrun           0  1  1   0  0   1  2  2  0  0  0/0    20:40   0:24   2:21 
Jamie McGinn             0  1  1   0  0   1  1  0  0  0  1/3    15:33   0:03   0:00 
Jordan Martinook         0  0  0  -1  0   1  0  0  1  0  0/0    11:39   0:00   1:57 
Leon Draisaitl           1  0  1  -1  0   4  0  1  1  1  6/14   19:07   0:22   1:12 
Luke Schenn              0  0  0  -1  0   1  1  2  0  1  0/0    17:59   0:01   1:40 
Max Domi                 2  0  2   1  2   3  3  1  1  0  11/20  16:20   0:03   0:07 
Nick Cousins             0  0  0  -1  0   1  1  0  0  0  2/3    14:08   0:00   2:24 
Peter Holland            0  0  0  -1  0   0  3  0  0  0  2/4    11:36   0:00   0:00 
Ryan Sproul              0  0  0  -1  0   2  0  2  0  2  0/0    15:29   0:00   1:16 
Thomas Hickey            0  0  0  -1  2   2  4  2  1  0  0/0    22:32   0:01   0:27 
Tomas Hertl              0  0  0  -1  2   2  5  0  0  0  1/2    17:57   0:22   0:00 
Zac Rinaldo              0  0  0  -1  0   1  0  0  0  1  0/0    11:58   0:00   2:24 

3 Stars

1 - Mark Scheifele (DAL)
2 - Loui Eriksson (DAL)
3 - Max Domi (ARI)

Power Play

Dallas Stars - 1 on 4 Attempt(s) - 25.00%
Arizona Coyotes - 1 on 2 Attempt(s) - 50.00%

Penalty Kill

Dallas Stars - 1 on 2 Attempt(s) - 50.00% - Score 0 goal in Penalty Kill
Arizona Coyotes - 3 on 4 Attempt(s) - 75.00% - Score 0 goal in Penalty Kill

Team Stat

Dallas Stars - Hits : 37 - Faceoff Wins : 30 - Blocked Shots : 10 - Penalty Minutes : 4
Arizona Coyotes - Hits : 28 - Faceoff Wins : 26 - Blocked Shots : 17 - Penalty Minutes : 8

Official

Referees : Garrett Rank and Frederick L'Ecuyer
Linesman : Kiel Murchison and Ryan Gibbons

Game Notes

Devan Dubnyk enters game at 4:30 of 3rd period

Finance

Level 1 -- Attendance: 10000 (100.00%) -- Ticket Income fr. 800'000
Level 2 -- Attendance: 1776 (88.80%) -- Ticket Income fr. 115'440
Level 3 -- Attendance: 2569 (73.40%) -- Ticket Income fr. 89'915
Level 4 -- Attendance: 1347 (92.90%) -- Ticket Income fr. 26'940
Luxury Box -- Attendance: 47 (94.00%) -- Ticket Income fr. 9'400
Game was played at the Gila River Arena.
Total Attendance: 15739 (92.58%)
Total Ticket Income: fr. 1'041'695
Total Income: fr. 1'041'695

Dallas Stars

5 vs 5 Forward 
   Center                   Left Wing                Right Wing               Time % Phy DF OF 
 1 Mark Scheifele           Devin Shore              James Neal               32     1   1  3  
 2 Riley Sheahan            Kyle Connor              Loui Eriksson            27     1   2  2  
 3 Carl Soderberg           Viktor Arvidsson         Nino Niederreiter        25     1   3  1  
 4 Pierre-Edouard Bellemare Matthew Tkachuk          Tom Wilson               16     2   3  0  

5 vs 5 Defense 
   Defense                  Defense                                           Time % Phy DF OF 
 1 John Klingberg           Ryan Ellis                                        32     1   2  2  
 2 Colton Parayko           Oscar Klefbom                                     30     1   2  2  
 3 Stephen Johns            Trevor Daley                                      28     2   3  0  
 4 John Klingberg           Oscar Klefbom                                     10     1   4  0  

PowerPlay Forward 
   Center                   Left Wing                Right Wing               Time % Phy DF OF 
 1 Mark Scheifele           Kyle Connor              Viktor Arvidsson         52     0   0  5  
 2 Carl Soderberg           Matthew Tkachuk          Nino Niederreiter        48     0   0  5  

PowerPlay Defense
   Defense                  Defense                                           Time % Phy DF OF 
 1 John Klingberg           Ryan Ellis                                        50     0   0  5  
 2 Stephen Johns            Trevor Daley                                      50     0   0  5  

Penalty Kill 4 Players Forward 
   Center                   Wing                     Time % Phy DF OF 
 1 Pierre-Edouard Bellemare Tom Wilson               52     0   5  0  
 2 Riley Sheahan            Loui Eriksson            48     0   5  0  

Penalty Kill 4 Players Defense
   Defense                  Defense                  Time % Phy DF OF 
 1 Colton Parayko           Ryan Ellis               52     0   5  0  
 2 Trevor Daley             Oscar Klefbom            48     0   5  0  

Penalty Kill - 3 Players Forward 
   Forward                                           Time % Phy DF OF 
 1 Pierre-Edouard Bellemare                          52     0   5  0  
 2 Riley Sheahan                                     48     0   5  0  

Penalty Kill - 3 Players Defense
   Defense                  Defense                  Time % Phy DF OF 
 1 Colton Parayko           Ryan Ellis               52     0   5  0  
 2 Trevor Daley             Oscar Klefbom            48     0   5  0  

4 vs 4 Forward 
   Center                   Wing                     Time % Phy DF OF 
 1 Mark Scheifele           Loui Eriksson            52     0   2  3  
 2 Carl Soderberg           Nino Niederreiter        48     0   2  3  

4 vs 4 Defense
   Defense                  Defense                  Time % Phy DF OF 
 1 Colton Parayko           Oscar Klefbom            65     0   2  3  
 2 John Klingberg           Trevor Daley             35     0   2  3  

Last Minutes Offensive
   Center                   Left Wing                Right Wing               Defense                  Defense                  
   Mark Scheifele           Viktor Arvidsson         James Neal               John Klingberg           Ryan Ellis               

Last Minutes Defensive
   Center                   Left Wing                Right Wing               Defense                  Defense                  
   Pierre-Edouard Bellemare Riley Sheahan            Tom Wilson               Trevor Daley             Colton Parayko           

Goaltenders
Starting : Jake Allen               
Backup : Carter Hutton            

Extra Forwards
Normal : James Neal, Mark Scheifele, Viktor Arvidsson - PP : James Neal, Mark Scheifele - PK : Pierre-Edouard Bellemare
Extra Defensemen
Normal : Ryan Ellis, John Klingberg, Colton Parayko - PP : John Klingberg - PK : Ryan Ellis, Oscar Klefbom
Penalty Shots
Mark Scheifele, Matthew Tkachuk, Nino Niederreiter, Viktor Arvidsson, James Neal
Custom OT Lines Forwards
Viktor Arvidsson, Mark Scheifele, James Neal, Carl Soderberg, Kyle Connor, Matthew Tkachuk, Loui Eriksson, Tom Wilson, Riley Sheahan, Nino Niederreiter
Custom OT Lines Defensemen
Ryan Ellis, John Klingberg, Colton Parayko, Trevor Daley, Oscar Klefbom

Scratches
Derek Grant (Healthy), Joe Morrow (Healthy), Jack Campbell (Healthy)

Arizona Coyotes

5 vs 5 Forward 
   Center                   Left Wing                Right Wing               Time % Phy DF OF 
 1 Leon Draisaitl           Tomas Hertl              Christian Fischer        30     1   2  2  
 2 Max Domi                 Jamie McGinn             Anthony Duclair          30     1   2  2  
 3 Peter Holland            Brad Richardson          Nick Cousins             25     1   2  2  
 4 Dylan Strome             Jordan Martinook         Zac Rinaldo              15     1   2  2  

5 vs 5 Defense 
   Defense                  Defense                                           Time % Phy DF OF 
 1 Alex Goligoski           Thomas Hickey                                     30     1   2  2  
 2 Jakob Chychrun           Luke Schenn                                       30     1   2  2  
 3 Adam Clendening          Ryan Sproul                                       25     1   2  2  
 4 Alex Goligoski           Thomas Hickey                                     15     1   2  2  

PowerPlay Forward 
   Center                   Left Wing                Right Wing               Time % Phy DF OF 
 1 Leon Draisaitl           Tomas Hertl              Christian Fischer        50     1   2  2  
 2 Max Domi                 Jamie McGinn             Anthony Duclair          50     1   2  2  

PowerPlay Defense
   Defense                  Defense                                           Time % Phy DF OF 
 1 Alex Goligoski           Jakob Chychrun                                    50     1   2  2  
 2 Thomas Hickey            Luke Schenn                                       50     1   2  2  

Penalty Kill 4 Players Forward 
   Center                   Wing                     Time % Phy DF OF 
 1 Leon Draisaitl           Jordan Martinook         50     1   2  2  
 2 Nick Cousins             Zac Rinaldo              50     1   2  2  

Penalty Kill 4 Players Defense
   Defense                  Defense                  Time % Phy DF OF 
 1 Alex Goligoski           Jakob Chychrun           50     1   2  2  
 2 Thomas Hickey            Luke Schenn              50     1   2  2  

Penalty Kill - 3 Players Forward 
   Forward                                           Time % Phy DF OF 
 1 Tomas Hertl                                       50     1   2  2  
 2 Jordan Martinook                                  50     1   2  2  

Penalty Kill - 3 Players Defense
   Defense                  Defense                  Time % Phy DF OF 
 1 Alex Goligoski           Jakob Chychrun           50     1   2  2  
 2 Thomas Hickey            Luke Schenn              50     1   2  2  

4 vs 4 Forward 
   Center                   Wing                     Time % Phy DF OF 
 1 Leon Draisaitl           Tomas Hertl              50     1   2  2  
 2 Max Domi                 Christian Fischer        50     1   2  2  

4 vs 4 Defense
   Defense                  Defense                  Time % Phy DF OF 
 1 Alex Goligoski           Jakob Chychrun           50     1   2  2  
 2 Thomas Hickey            Luke Schenn              50     1   2  2  

Last Minutes Offensive
   Center                   Left Wing                Right Wing               Defense                  Defense                  
   Leon Draisaitl           Tomas Hertl              Christian Fischer        Alex Goligoski           Jakob Chychrun           

Last Minutes Defensive
   Center                   Left Wing                Right Wing               Defense                  Defense                  
   Leon Draisaitl           Tomas Hertl              Christian Fischer        Alex Goligoski           Jakob Chychrun           

Goaltenders
Starting : Louis Domingue           
Backup : Devan Dubnyk             

Extra Forwards
Normal : Dylan Strome, Christian Fischer, Brad Richardson - PP : Dylan Strome, Leon Draisaitl - PK : Brad Richardson
Extra Defensemen
Normal : Jakob Chychrun, Ryan Sproul, Thomas Hickey - PP : Jakob Chychrun - PK : Ryan Sproul, Thomas Hickey
Penalty Shots
Leon Draisaitl, Tomas Hertl, Max Domi, Christian Fischer, Jamie McGinn
Custom OT Lines Forwards
Leon Draisaitl, Tomas Hertl, Max Domi, Christian Fischer, Jamie McGinn, Anthony Duclair, Dylan Strome, Brad Richardson, Jordan Martinook, Nick Cousins
Custom OT Lines Defensemen
Alex Goligoski, Jakob Chychrun, Thomas Hickey, Luke Schenn, Ryan Sproul

Scratches
Johnny Boychuk (Sprained Left Finger Injury), Martin Hanzal (Broken Right Index Finger Injury), Nicholas Merkley (Healthy)

% Time on Ice - Dallas Stars

Lines # - Real PCT - Wanted PCT - Time Play
Normal Forward
1 - 31% - 32% - 16:26
2 - 27% - 27% - 14:35
3 - 25% - 25% - 13:23
4 - 17% - 16% - 8:58
Normal Defense
1 - 32% - 32% - 17:07
2 - 30% - 30% - 16:11
3 - 31% - 28% - 16:28
4 - 7% - 10% - 3:36
PP Forward
1 - 66% - 52% - 3:02
2 - 34% - 48% - 1:34
PP Defense
1 - 52% - 50% - 2:24
2 - 48% - 50% - 2:12
PK Forward
1 - 100% - 52% - 0:25
2 - 0% - 48% - 0:00
PK Defense
1 - 12% - 52% - 0:03
2 - 88% - 48% - 0:22
PK3 Forward
1 - 0% - 52%
2 - 0% - 48%
PK3 Defense
1 - 0% - 52%
2 - 0% - 48%
44 Forward
1 - 69% - 52% - 1:07
2 - 31% - 48% - 0:30
44 Defense
1 - 72% - 65% - 1:10
2 - 28% - 35% - 0:27
Last Minute Offensive  - 0:00
Last Minute Defensive  - 0:00
Total
Forward - 60:00
Defense - 60:00

% Time on Ice - Arizona Coyotes

Lines # - Real PCT - Wanted PCT - Time Play
Normal Forward
1 - 31% - 30% - 16:46
2 - 30% - 30% - 15:54
3 - 22% - 25% - 11:36
4 - 17% - 15% - 9:06
Normal Defense
1 - 29% - 30% - 15:31
2 - 31% - 30% - 16:24
3 - 26% - 25% - 13:37
4 - 15% - 15% - 7:50
PP Forward
1 - 88% - 50% - 0:22
2 - 12% - 50% - 0:03
PP Defense
1 - 96% - 50% - 0:24
2 - 4% - 50% - 0:01
PK Forward
1 - 43% - 50% - 1:58
2 - 57% - 50% - 2:38
PK Defense
1 - 51% - 50% - 2:21
2 - 49% - 50% - 2:15
PK3 Forward
1 - 0% - 50%
2 - 0% - 50%
PK3 Defense
1 - 0% - 50%
2 - 0% - 50%
44 Forward
1 - 54% - 50% - 0:52
2 - 46% - 50% - 0:45
44 Defense
1 - 71% - 50% - 1:09
2 - 29% - 50% - 0:28
Last Minute Offensive  - 0:00
Last Minute Defensive  - 0:00
Total
Forward - 60:00
Defense - 60:00

Play-by-Play

1st period


0:01 of 1st period - Mark Scheifele wins face-off versus Christian Fischer in neutral zone.
0:08 of 1st period - Snap shot by James Neal.
0:08 of 1st period - Stopped by Louis Domingue with a rebound.
0:27 of 1st period - Ryan Ellis is hit by Tomas Hertl and loses puck.
0:58 of 1st period - Slapshot by Tomas Hertl.
0:58 of 1st period - Stopped by Jake Allen without a rebound.
0:59 of 1st period - Riley Sheahan wins face-off versus Jamie McGinn in Dallas Stars zone.
1:24 of 1st period - Jakob Chychrun is hit by Pierre-Edouard Bellemare and loses puck.
1:33 of 1st period - Wrist shot by Tom Wilson.
1:33 of 1st period - Shot Misses the Net.
1:35 of 1st period - Slapshot by Matthew Tkachuk.
1:35 of 1st period - Shot Blocked by Adam Clendening.
2:16 of 1st period - Icing by Ryan Sproul.
2:17 of 1st period - Peter Holland wins face-off versus Pierre-Edouard Bellemare in Arizona Coyotes zone.
2:26 of 1st period - Slapshot by Ryan Sproul.
2:26 of 1st period - Stopped by Jake Allen with a rebound.
2:28 of 1st period - Slapshot by Ryan Sproul.
2:28 of 1st period - Shot Blocked by Oscar Klefbom.
2:38 of 1st period - Thomas Hickey is hit by Nino Niederreiter and loses puck.
3:11 of 1st period - Snap shot by Leon Draisaitl.
3:11 of 1st period - Deflect By Loui Eriksson.
3:11 of 1st period - Shot Misses the Net.
3:11 of 1st period - Puck is out of play.
3:12 of 1st period - Max Domi wins face-off versus Carl Soderberg in Dallas Stars zone.
3:46 of 1st period - Wrist shot by Nino Niederreiter.
3:46 of 1st period - Shot Blocked by Luke Schenn.
3:56 of 1st period - Snap shot by James Neal.
3:56 of 1st period - Goal by James Neal - Dallas Stars : 1 - Arizona Coyotes : 0.
3:57 of 1st period - Riley Sheahan wins face-off versus Peter Holland in neutral zone.
4:45 of 1st period - Christian Fischer is hit by Tom Wilson and loses puck.
4:54 of 1st period - Snap shot by Tom Wilson.
4:54 of 1st period - Deflect By Matthew Tkachuk.
4:54 of 1st period - Shot Blocked by Luke Schenn.
4:54 of 1st period - Puck is out of play.
4:55 of 1st period - Riley Sheahan wins face-off versus Dylan Strome in Arizona Coyotes zone.
5:22 of 1st period - Carl Soderberg is hit by Max Domi and loses puck.
6:37 of 1st period - Icing by Anthony Duclair.
6:38 of 1st period - Max Domi wins face-off versus Carl Soderberg in Arizona Coyotes zone.
6:45 of 1st period - Alex Goligoski is hit by Viktor Arvidsson and loses puck.
7:12 of 1st period - Snap shot by Mark Scheifele.
7:12 of 1st period - Shot Hit the Post.
7:26 of 1st period - Slapshot by Alex Goligoski.
7:26 of 1st period - Deflect By Ryan Ellis.
7:26 of 1st period - Stopped by Jake Allen with a rebound.
7:41 of 1st period - Dylan Strome is hit by Tom Wilson and loses puck.
8:20 of 1st period - Slapshot by Mark Scheifele.
8:20 of 1st period - Shot Misses the Net.
8:22 of 1st period - Wrist shot by James Neal.
8:22 of 1st period - Shot Misses the Net.
8:24 of 1st period - Wrist shot by Mark Scheifele.
8:24 of 1st period - Deflect By James Neal.
8:24 of 1st period - Stopped by Louis Domingue without a rebound.
8:25 of 1st period - Riley Sheahan wins face-off versus Leon Draisaitl in Arizona Coyotes zone.
8:37 of 1st period - Tomas Hertl is hit by Riley Sheahan.
8:56 of 1st period - Snap shot by James Neal.
8:56 of 1st period - Stopped by Louis Domingue without a rebound.
8:57 of 1st period - Viktor Arvidsson wins face-off versus Max Domi in Arizona Coyotes zone.
10:44 of 1st period - Max Domi is hit by Riley Sheahan and loses puck.
11:11 of 1st period - Jakob Chychrun is hit by Mark Scheifele and loses puck.
12:04 of 1st period - Riley Sheahan is hit by Adam Clendening and loses puck.
12:11 of 1st period - Jordan Martinook is hit by Stephen Johns.
12:35 of 1st period - Thomas Hickey is hit by Trevor Daley and loses puck.
12:46 of 1st period - Leon Draisaitl is hit by Viktor Arvidsson and loses puck.
13:08 of 1st period - John Klingberg is hit by Peter Holland and loses puck.
14:23 of 1st period - Jakob Chychrun is hit by Colton Parayko and loses puck.
14:36 of 1st period - Jordan Martinook is hit by Tom Wilson and loses puck.
14:56 of 1st period - Mark Scheifele is hit by Christian Fischer and loses puck.
15:23 of 1st period - Brad Richardson is hit by Nino Niederreiter and loses puck.
15:28 of 1st period - Snap shot by Carl Soderberg.
15:28 of 1st period - Shot Misses the Net.
15:30 of 1st period - Wrist shot by Carl Soderberg.
15:30 of 1st period - Deflect By Nino Niederreiter.
15:30 of 1st period - Stopped by Louis Domingue without a rebound.
15:31 of 1st period - Leon Draisaitl wins face-off versus Riley Sheahan in Arizona Coyotes zone.
15:38 of 1st period - Riley Sheahan is hit by Thomas Hickey.
16:27 of 1st period - Stephen Johns is hit by Nick Cousins and loses puck.
17:51 of 1st period - Tomas Hertl is hit by Kyle Connor.
18:08 of 1st period - Mark Scheifele is hit by Max Domi and loses puck.
18:17 of 1st period - Anthony Duclair is hit by Mark Scheifele and loses puck.
18:34 of 1st period - Slapshot by Alex Goligoski.
18:34 of 1st period - Stopped by Jake Allen with a rebound.
18:36 of 1st period - Slapshot by Alex Goligoski.
18:36 of 1st period - Shot Misses the Net.
18:38 of 1st period - Snap shot by Zac Rinaldo.
18:38 of 1st period - Shot Blocked by John Klingberg.
18:40 of 1st period - Slapshot by Zac Rinaldo.
18:40 of 1st period - Stopped by Jake Allen without a rebound.
18:41 of 1st period - Riley Sheahan wins face-off versus Brad Richardson in Dallas Stars zone.
18:48 of 1st period - Slapshot by Alex Goligoski.
18:48 of 1st period - Shot Blocked by Oscar Klefbom.
19:30 of 1st period - Loui Eriksson is hit by Tomas Hertl and loses puck.
Goals for this period are 1 for Dallas Stars vs 0 for Arizona Coyotes.
Shots for this period are 5 for Dallas Stars vs 5 for Arizona Coyotes.

2nd period


0:01 of 2nd period - Mark Scheifele wins face-off versus Max Domi in neutral zone.
0:04 of 2nd period - Wrist shot by James Neal.
0:04 of 2nd period - Shot Blocked by Max Domi.
0:26 of 2nd period - Viktor Arvidsson is hit by Tomas Hertl and loses puck.
1:06 of 2nd period - Snap shot by Kyle Connor.
1:06 of 2nd period - Stopped by Louis Domingue without a rebound.
1:07 of 2nd period - Loui Eriksson wins face-off versus Max Domi in Arizona Coyotes zone.
1:20 of 2nd period - Snap shot by Kyle Connor.
1:20 of 2nd period - Shot Misses the Net.
1:22 of 2nd period - Backhand shot by Oscar Klefbom.
1:22 of 2nd period - Stopped by Louis Domingue with a rebound.
1:32 of 2nd period - Slapshot by Kyle Connor.
1:32 of 2nd period - Stopped by Louis Domingue without a rebound.
1:33 of 2nd period - Christian Fischer wins face-off versus Mark Scheifele in Arizona Coyotes zone.
2:11 of 2nd period - Wrist shot by Carl Soderberg.
2:11 of 2nd period - Shot Blocked by Dylan Strome.
2:41 of 2nd period - Snap shot by Loui Eriksson.
2:41 of 2nd period - Shot Blocked by Ryan Sproul.
2:43 of 2nd period - Slapshot by Riley Sheahan.
2:43 of 2nd period - Stopped by Louis Domingue without a rebound.
2:44 of 2nd period - Mark Scheifele wins face-off versus Max Domi in Arizona Coyotes zone.
2:53 of 2nd period - Wrist shot by Max Domi.
2:53 of 2nd period - Stopped by Jake Allen with a rebound.
2:55 of 2nd period - Slapshot by Anthony Duclair.
2:55 of 2nd period - Shot Misses the Net.
3:03 of 2nd period - Snap shot by Anthony Duclair.
3:03 of 2nd period - Stopped by Jake Allen with a rebound.
3:24 of 2nd period - Wrist shot by Max Domi.
3:24 of 2nd period - Deflect By Jamie McGinn.
3:24 of 2nd period - Shot Blocked by Ryan Ellis.
3:24 of 2nd period - Puck is out of play.
3:25 of 2nd period - Leon Draisaitl wins face-off versus Carl Soderberg in Dallas Stars zone.
3:38 of 2nd period - Slapshot by Leon Draisaitl.
3:38 of 2nd period - Shot Blocked by Oscar Klefbom.
3:50 of 2nd period - Nick Cousins is hit by Loui Eriksson and loses puck.
3:57 of 2nd period - Snap shot by Peter Holland.
3:57 of 2nd period - Shot Blocked by Oscar Klefbom.
4:13 of 2nd period - Snap shot by Tom Wilson.
4:13 of 2nd period - Stopped by Louis Domingue without a rebound.
4:14 of 2nd period - Pierre-Edouard Bellemare wins face-off versus Leon Draisaitl in Arizona Coyotes zone.
4:15 of 2nd period - Slapshot by Matthew Tkachuk.
4:15 of 2nd period - Shot Blocked by Adam Clendening.
4:17 of 2nd period - Snap shot by Stephen Johns.
4:17 of 2nd period - Shot Blocked by Christian Fischer.
4:19 of 2nd period - Snap shot by Matthew Tkachuk.
4:19 of 2nd period - Shot Misses the Net.
4:21 of 2nd period - Slapshot by Stephen Johns.
4:21 of 2nd period - Shot Blocked by Christian Fischer.
4:23 of 2nd period - Slapshot by Stephen Johns.
4:23 of 2nd period - Stopped by Louis Domingue without a rebound.
4:24 of 2nd period - Leon Draisaitl wins face-off versus Mark Scheifele in Arizona Coyotes zone.
4:29 of 2nd period - Oscar Klefbom is hit by Tomas Hertl and loses puck.
4:50 of 2nd period - John Klingberg is hit by Jamie McGinn and loses puck.
5:19 of 2nd period - Slapshot by Nick Cousins.
5:19 of 2nd period - Stopped by Jake Allen without a rebound.
5:20 of 2nd period - Mark Scheifele wins face-off versus Leon Draisaitl in Dallas Stars zone.
5:35 of 2nd period - Trevor Daley is hit by Thomas Hickey and loses puck.
6:08 of 2nd period - John Klingberg is hit by Peter Holland and loses puck.
6:13 of 2nd period - Wrist shot by Brad Richardson.
6:13 of 2nd period - Shot Misses the Net.
6:54 of 2nd period - Snap shot by Leon Draisaitl.
6:54 of 2nd period - Stopped by Jake Allen without a rebound.
6:55 of 2nd period - Carl Soderberg wins face-off versus Jamie McGinn in Dallas Stars zone.
7:08 of 2nd period - Snap shot by Carl Soderberg.
7:08 of 2nd period - Stopped by Louis Domingue with a rebound.
7:10 of 2nd period - Snap shot by Viktor Arvidsson.
7:10 of 2nd period - Shot Misses the Net.
7:31 of 2nd period - Wrist shot by Tomas Hertl.
7:31 of 2nd period - Stopped by Jake Allen with a rebound.
8:28 of 2nd period - Slapshot by Nino Niederreiter.
8:28 of 2nd period - Stopped by Louis Domingue without a rebound.
8:29 of 2nd period - Carl Soderberg wins face-off versus Max Domi in Arizona Coyotes zone.
8:43 of 2nd period - Minor Penalty to Thomas Hickey for Slashing.
8:44 of 2nd period - Mark Scheifele wins face-off versus Leon Draisaitl in Arizona Coyotes zone.
8:54 of 2nd period - Slapshot by Mark Scheifele.
8:54 of 2nd period - Stopped by Louis Domingue with a rebound.
9:19 of 2nd period - Slapshot by Jakob Chychrun.
9:19 of 2nd period - Shot Misses the Net.
10:12 of 2nd period - Leon Draisaitl is hit by John Klingberg and loses puck.
10:43 of 2nd period - Penalty to Thomas Hickey is over, Thomas Hickey is back on ice.
10:53 of 2nd period - Trevor Daley is hit by Anthony Duclair and loses puck.
11:16 of 2nd period - Off-side.
11:17 of 2nd period - Peter Holland wins face-off versus Pierre-Edouard Bellemare in neutral zone.
11:32 of 2nd period - Minor Penalty to Dylan Strome for Tripping.
11:33 of 2nd period - Nick Cousins wins face-off versus Mark Scheifele in Arizona Coyotes zone.
11:54 of 2nd period - Minor Penalty to Viktor Arvidsson for Slashing.
11:55 of 2nd period - Mark Scheifele wins face-off versus Leon Draisaitl in Dallas Stars zone.
12:10 of 2nd period - Oscar Klefbom is hit by Jakob Chychrun and loses puck.
12:21 of 2nd period - Christian Fischer is hit by Nino Niederreiter and loses puck.
12:28 of 2nd period - Slapshot by Thomas Hickey.
12:28 of 2nd period - Shot Blocked by Nino Niederreiter.
12:30 of 2nd period - Slapshot by Luke Schenn.
12:30 of 2nd period - Deflect By Carl Soderberg.
12:30 of 2nd period - Stopped by Jake Allen without a rebound.
12:31 of 2nd period - Mark Scheifele wins face-off versus Leon Draisaitl in Dallas Stars zone.
12:42 of 2nd period - Snap shot by Loui Eriksson.
12:42 of 2nd period - Goal by Loui Eriksson - Dallas Stars : 2 - Arizona Coyotes : 0.
12:43 of 2nd period - Mark Scheifele wins face-off versus Max Domi in neutral zone.
12:50 of 2nd period - Wrist shot by Max Domi.
12:50 of 2nd period - Goal by Max Domi - Dallas Stars : 2 - Arizona Coyotes : 1.
12:51 of 2nd period - Christian Fischer wins face-off versus Mark Scheifele in neutral zone.
13:03 of 2nd period - Wrist shot by Mark Scheifele.
13:03 of 2nd period - Shot Blocked by Jakob Chychrun.
13:05 of 2nd period - Wrist shot by Loui Eriksson.
13:05 of 2nd period - Stopped by Louis Domingue with a rebound.
13:25 of 2nd period - Icing by Alex Goligoski.
13:26 of 2nd period - Mark Scheifele wins face-off versus Tomas Hertl in Arizona Coyotes zone.
13:32 of 2nd period - Penalty to Dylan Strome is over, Dylan Strome is back on ice.
13:54 of 2nd period - Penalty to Viktor Arvidsson is over, Viktor Arvidsson is back on ice.
14:15 of 2nd period - Wrist shot by Leon Draisaitl.
14:15 of 2nd period - Shot Blocked by Trevor Daley.
14:17 of 2nd period - Snap shot by Alex Goligoski.
14:17 of 2nd period - Shot Blocked by Pierre-Edouard Bellemare.
14:19 of 2nd period - Wrist shot by Leon Draisaitl.
14:19 of 2nd period - Goal by Leon Draisaitl - Dallas Stars : 2 - Arizona Coyotes : 2.
14:20 of 2nd period - Max Domi wins face-off versus Mark Scheifele in neutral zone.
14:32 of 2nd period - Wrist shot by Anthony Duclair.
14:32 of 2nd period - Shot Misses the Net.
14:44 of 2nd period - Nick Cousins is hit by Carl Soderberg.
15:02 of 2nd period - Wrist shot by Kyle Connor.
15:02 of 2nd period - Stopped by Louis Domingue with a rebound.
15:04 of 2nd period - Wrist shot by Riley Sheahan.
15:04 of 2nd period - Stopped by Louis Domingue without a rebound.
15:05 of 2nd period - Dylan Strome wins face-off versus Riley Sheahan in Arizona Coyotes zone.
15:14 of 2nd period - Snap shot by Dylan Strome.
15:14 of 2nd period - Deflect By Jordan Martinook.
15:14 of 2nd period - Stopped by Jake Allen without a rebound.
15:15 of 2nd period - Mark Scheifele wins face-off versus Leon Draisaitl in Dallas Stars zone.
15:20 of 2nd period - Wrist shot by James Neal.
15:20 of 2nd period - Shot Blocked by Leon Draisaitl.
15:40 of 2nd period - Snap shot by Brad Richardson.
15:40 of 2nd period - Stopped by Jake Allen without a rebound.
15:41 of 2nd period - Carl Soderberg wins face-off versus Peter Holland in Dallas Stars zone.
15:55 of 2nd period - Off-side.
15:56 of 2nd period - Max Domi wins face-off versus Mark Scheifele in neutral zone.
16:22 of 2nd period - Thomas Hickey is hit by Nino Niederreiter and loses puck.
16:53 of 2nd period - Alex Goligoski is hit by Tom Wilson and loses puck.
18:09 of 2nd period - Luke Schenn is hit by Tom Wilson and loses puck.
18:16 of 2nd period - Nick Cousins is hit by Matthew Tkachuk and loses puck.
18:31 of 2nd period - Snap shot by Loui Eriksson.
18:31 of 2nd period - Goal by Loui Eriksson - Dallas Stars : 3 - Arizona Coyotes : 2.
18:32 of 2nd period - Max Domi wins face-off versus Mark Scheifele in neutral zone.
18:37 of 2nd period - Wrist shot by Max Domi.
18:37 of 2nd period - Shot Misses the Net.
18:43 of 2nd period - Wrist shot by Jamie McGinn.
18:43 of 2nd period - Stopped by Jake Allen with a rebound.
18:45 of 2nd period - Slapshot by Adam Clendening.
18:45 of 2nd period - Stopped by Jake Allen without a rebound.
18:46 of 2nd period - Riley Sheahan wins face-off versus Leon Draisaitl in Dallas Stars zone.
18:57 of 2nd period - Snap shot by Kyle Connor.
18:57 of 2nd period - Shot Blocked by Thomas Hickey.
18:59 of 2nd period - Slapshot by Stephen Johns.
18:59 of 2nd period - Stopped by Louis Domingue with a rebound.
19:01 of 2nd period - Slapshot by Riley Sheahan.
19:01 of 2nd period - Shot Misses the Net.
19:11 of 2nd period - Tomas Hertl is hit by Nino Niederreiter and loses puck.
19:41 of 2nd period - Minor Penalty to Max Domi for Tripping.
19:42 of 2nd period - Mark Scheifele wins face-off versus Nick Cousins in Arizona Coyotes zone.
19:53 of 2nd period - Wrist shot by Mark Scheifele.
19:53 of 2nd period - Shot Blocked by Jakob Chychrun.
19:57 of 2nd period - Snap shot by Mark Scheifele.
19:57 of 2nd period - Goal by Mark Scheifele - Dallas Stars : 4 - Arizona Coyotes : 2.
19:58 of 2nd period - Max Domi wins face-off versus Mark Scheifele in neutral zone.
Goals for this period are 3 for Dallas Stars vs 2 for Arizona Coyotes.
Shots for this period are 16 for Dallas Stars vs 12 for Arizona Coyotes.

3rd period


0:01 of 3rd period - Devin Shore wins face-off versus Max Domi in neutral zone.
0:01 of 3rd period - Devin Shore is hit by Thomas Hickey.
0:08 of 3rd period - Snap shot by Devin Shore.
0:08 of 3rd period - Shot Blocked by Anthony Duclair.
0:10 of 3rd period - Slapshot by James Neal.
0:10 of 3rd period - Shot Blocked by Thomas Hickey.
0:12 of 3rd period - Slapshot by Oscar Klefbom.
0:12 of 3rd period - Shot Misses the Net.
0:14 of 3rd period - Slapshot by Oscar Klefbom.
0:14 of 3rd period - Shot Blocked by Alex Goligoski.
0:16 of 3rd period - Snap shot by John Klingberg.
0:16 of 3rd period - Stopped by Louis Domingue with a rebound.
0:26 of 3rd period - Thomas Hickey is hit by Oscar Klefbom and loses puck.
0:31 of 3rd period - Slapshot by Viktor Arvidsson.
0:31 of 3rd period - Shot Misses the Net.
0:39 of 3rd period - Nino Niederreiter is hit by Anthony Duclair and loses puck.
1:36 of 3rd period - Jordan Martinook is hit by Mark Scheifele and loses puck.
2:44 of 3rd period - Slapshot by Anthony Duclair.
2:44 of 3rd period - Shot Blocked by Nino Niederreiter.
3:21 of 3rd period - Leon Draisaitl is hit by Tom Wilson.
3:32 of 3rd period - Christian Fischer is hit by Matthew Tkachuk and loses puck.
3:38 of 3rd period - Minor Penalty to Matthew Tkachuk for Holding.
3:39 of 3rd period - Max Domi wins face-off versus Pierre-Edouard Bellemare in Dallas Stars zone.
3:41 of 3rd period - Snap shot by Max Domi.
3:41 of 3rd period - Goal by Max Domi - Dallas Stars : 4 - Arizona Coyotes : 3.
3:42 of 3rd period - Mark Scheifele wins face-off versus Max Domi in neutral zone.
3:47 of 3rd period - Slapshot by Ryan Ellis.
3:47 of 3rd period - Shot Misses the Net.
3:49 of 3rd period - Snap shot by Mark Scheifele.
3:49 of 3rd period - Deflect By Devin Shore.
3:49 of 3rd period - Stopped by Louis Domingue without a rebound.
3:50 of 3rd period - Max Domi wins face-off versus Mark Scheifele in Arizona Coyotes zone.
3:58 of 3rd period - Off-side.
3:59 of 3rd period - Mark Scheifele wins face-off versus Brad Richardson in neutral zone.
4:10 of 3rd period - Wrist shot by Mark Scheifele.
4:10 of 3rd period - Shot Misses the Net.
4:24 of 3rd period - Oscar Klefbom is hit by Tomas Hertl.
4:30 of 3rd period - Wrist shot by Mark Scheifele.
4:30 of 3rd period - Goal by Mark Scheifele - Dallas Stars : 5 - Arizona Coyotes : 3.
4:30 of 3rd period - Devan Dubnyk enters game.
4:31 of 3rd period - Max Domi wins face-off versus Riley Sheahan in neutral zone.
4:41 of 3rd period - Snap shot by Anthony Duclair.
4:41 of 3rd period - Stopped by Jake Allen without a rebound.
4:42 of 3rd period - Max Domi wins face-off versus Carl Soderberg in Dallas Stars zone.
4:43 of 3rd period - Wrist shot by Anthony Duclair.
4:43 of 3rd period - Shot Misses the Net.
5:13 of 3rd period - Wrist shot by Peter Holland.
5:13 of 3rd period - Shot Misses the Net.
5:15 of 3rd period - Slapshot by Luke Schenn.
5:15 of 3rd period - Shot Misses the Net.
5:17 of 3rd period - Slapshot by Jakob Chychrun.
5:17 of 3rd period - Stopped by Jake Allen without a rebound.
5:18 of 3rd period - Leon Draisaitl wins face-off versus Riley Sheahan in Dallas Stars zone.
5:50 of 3rd period - Slapshot by Thomas Hickey.
5:50 of 3rd period - Stopped by Jake Allen without a rebound.
5:51 of 3rd period - Mark Scheifele wins face-off versus Brad Richardson in Dallas Stars zone.
6:29 of 3rd period - Slapshot by Tomas Hertl.
6:29 of 3rd period - Deflect By Leon Draisaitl.
6:29 of 3rd period - Stopped by Jake Allen without a rebound.
6:30 of 3rd period - Jamie McGinn wins face-off versus Carl Soderberg in Dallas Stars zone.
6:41 of 3rd period - Slapshot by Max Domi.
6:41 of 3rd period - Deflect By Anthony Duclair.
6:41 of 3rd period - Stopped by Jake Allen with a rebound.
6:43 of 3rd period - Slapshot by Thomas Hickey.
6:43 of 3rd period - Deflect By Carl Soderberg.
6:43 of 3rd period - Stopped by Jake Allen with a rebound.
6:45 of 3rd period - Snap shot by Alex Goligoski.
6:45 of 3rd period - Shot Misses the Net.
6:55 of 3rd period - Thomas Hickey is hit by Stephen Johns and loses puck.
7:17 of 3rd period - Off-side.
7:18 of 3rd period - Mark Scheifele wins face-off versus Dylan Strome in neutral zone.
7:25 of 3rd period - Slapshot by Mark Scheifele.
7:25 of 3rd period - Shot Misses the Net.
7:44 of 3rd period - Anthony Duclair is hit by Nino Niederreiter and loses puck.
8:06 of 3rd period - Snap shot by Loui Eriksson.
8:06 of 3rd period - Deflect By Kyle Connor.
8:06 of 3rd period - Stopped by Devan Dubnyk with a rebound.
8:20 of 3rd period - Alex Goligoski is hit by Pierre-Edouard Bellemare and loses puck.
8:29 of 3rd period - Stephen Johns is hit by Luke Schenn and loses puck.
8:44 of 3rd period - Mark Scheifele is hit by Jakob Chychrun and loses puck.
8:52 of 3rd period - Icing by Luke Schenn.
8:53 of 3rd period - Carl Soderberg wins face-off versus Dylan Strome in Arizona Coyotes zone.
8:58 of 3rd period - Snap shot by Carl Soderberg.
8:58 of 3rd period - Stopped by Devan Dubnyk with a rebound.
9:58 of 3rd period - Snap shot by Brad Richardson.
9:58 of 3rd period - Shot Misses the Net.
10:38 of 3rd period - Tom Wilson is hit by Dylan Strome and loses puck.
10:49 of 3rd period - Slapshot by Trevor Daley.
10:49 of 3rd period - Shot Misses the Net.
11:16 of 3rd period - Ryan Sproul is hit by Kyle Connor and loses puck.
11:35 of 3rd period - Mark Scheifele is hit by Max Domi and loses puck.
12:04 of 3rd period - Viktor Arvidsson is hit by Thomas Hickey.
12:19 of 3rd period - Icing by Max Domi.
12:20 of 3rd period - Devin Shore wins face-off versus Max Domi in Arizona Coyotes zone.
12:27 of 3rd period - Snap shot by Devin Shore.
12:27 of 3rd period - Shot Misses the Net.
12:29 of 3rd period - Wrist shot by Devin Shore.
12:29 of 3rd period - Shot Blocked by Ryan Sproul.
12:31 of 3rd period - Wrist shot by Mark Scheifele.
12:31 of 3rd period - Stopped by Devan Dubnyk without a rebound.
12:32 of 3rd period - Tomas Hertl wins face-off versus Carl Soderberg in Arizona Coyotes zone.
12:54 of 3rd period - Thomas Hickey is hit by Nino Niederreiter and loses puck.
13:07 of 3rd period - Viktor Arvidsson is hit by Alex Goligoski and loses puck.
13:37 of 3rd period - Snap shot by Carl Soderberg.
13:37 of 3rd period - Shot Misses the Net.
14:12 of 3rd period - Minor Penalty to Tomas Hertl for Elbowing.
14:13 of 3rd period - Nick Cousins wins face-off versus Mark Scheifele in Arizona Coyotes zone.
14:13 of 3rd period - Nick Cousins is hit by Kyle Connor.
15:08 of 3rd period - John Klingberg is hit by Brad Richardson and loses puck.
15:53 of 3rd period - Brad Richardson is hit by Devin Shore and loses puck.
16:12 of 3rd period - Penalty to Tomas Hertl is over, Tomas Hertl is back on ice.
16:26 of 3rd period - Zac Rinaldo is hit by Riley Sheahan and loses puck.
16:55 of 3rd period - Slapshot by Anthony Duclair.
16:55 of 3rd period - Stopped by Jake Allen without a rebound.
16:56 of 3rd period - Max Domi wins face-off versus Riley Sheahan in Dallas Stars zone.
16:57 of 3rd period - Snap shot by Jamie McGinn.
16:57 of 3rd period - Shot Misses the Net.
16:59 of 3rd period - Slapshot by Ryan Sproul.
16:59 of 3rd period - Stopped by Jake Allen with a rebound.
17:57 of 3rd period - Viktor Arvidsson is hit by Adam Clendening and loses puck.
18:02 of 3rd period - Wrist shot by Leon Draisaitl.
18:02 of 3rd period - Stopped by Jake Allen without a rebound.
18:03 of 3rd period - Leon Draisaitl wins face-off versus Pierre-Edouard Bellemare in Dallas Stars zone.
18:22 of 3rd period - Kyle Connor is hit by Peter Holland and loses puck.
18:31 of 3rd period - Wrist shot by Peter Holland.
18:31 of 3rd period - Shot Misses the Net.
19:25 of 3rd period - Icing by Luke Schenn.
19:26 of 3rd period - Leon Draisaitl wins face-off versus Mark Scheifele in Arizona Coyotes zone.
Goals for this period are 1 for Dallas Stars vs 1 for Arizona Coyotes.
Shots for this period are 6 for Dallas Stars vs 10 for Arizona Coyotes.